 Dungeon Crawl Stone Soup version 0.30-a0-629-gd54f4be4f7 (webtiles) character file.

Game seed: 12361710039651238003

99 Dittersdorf the Shield-Bearer (level 4, -7/29 HPs)
             Began as a Gargoyle Fighter on Jan 12, 2023.
             Killed from afar by Natasha (17 damage)
             ... with a bolt of light
             ... on level 2 of the Dungeon.
             The game lasted 00:02:26 (1901 turns).

Dittersdorf the Shield-Bearer (Gargoyle Fighter)    Turns: 1901, Time: 00:02:27

Health: -7/29      AC: 12    Str: 22    XL:     4   Next: 72%
Magic:  4/4        EV:  9    Int:  8    God:
Gold:   51         SH:  0    Dex:  9    Spells: 3/3 levels left

rFire   + . .      SeeInvis .    a - +0 flail
rCold   . . .      Faith    .    c - +0 buckler
rNeg    + . .      Spirit   .    b - +0 scale mail
rPois   ∞          Reflect  .    q - +1 helmet
rElec   +          Harm     .    (no cloak)
rCorr   .          Rampage  .    (no gloves)
Will    .....                    (no boots) Stlth
                                 (no amulet)
HPRegen 0.24/turn                r - ring of protection from fire
MPRegen 0.09/turn                (no ring)

@: confused, slowed, very slow
A: sickness immunity, AC +3, negative energy resistance 1, electricity
resistance, torment resistance 1, petrification resistance
a: no special abilities


You were on level 2 of the Dungeon.
You visited 1 branch of the dungeon, and saw 2 of its levels.

You collected 51 gold pieces.

Inventory:

Hand Weapons
 a - a +0 flail (weapon)
Armour
 b - a +0 scale mail (worn)
 c - a +0 buckler (worn)
 q - a +1 helmet (worn)
Jewellery
 r - a ring of protection from fire (left hand)
Scrolls
 g - a scroll of torment {unknown}
 h - 2 scrolls of immolation {unknown}
 i - 2 scrolls of teleportation {unknown}
 n - 3 scrolls of identify {unknown}
 o - a scroll of fog {unknown}
Potions
 d - a potion of might
 e - a potion of lignification {unknown}
 f - a potion of heal wounds {unknown}
 j - a potion of degeneration {unknown}
 k - a potion of mutation {unknown}
 l - a potion of haste {unknown}
 m - a potion of curing {unknown}
 p - a potion of cancellation {unknown}


   Skills:
 + Level 4.0 Fighting
 + Level 2.8 Maces & Flails
 + Level 4.0 Armour
 + Level 4.1 Shields


You had 3 spell levels left.
You didn't know any spells.
Your spell library was empty.

Dungeon Overview and Level Annotations

Branches:
Dungeon (2/15)

Altars:

Shops:
D:2 *

Annotations:
D:2 Natasha


Innate Abilities, Weirdness & Mutations

You are immune to sickness and miasma.
Your stone body is resilient. (AC +3)
You are immune to poison.
You resist negative energy. (rN+)
You are resistant to electric shocks. (rElec)
You are resistant to unholy torment.
You are immune to petrification.


Message History

You start resting.
You feel yourself speed up.
You start resting.
HP restored.
Found a stone staircase leading down.
There is a stone staircase leading down here.
There is a stone staircase leading down here.
There is a stone staircase leading down, spattered with blood here.
Natasha, Servant of Life and Death comes into view.
She is carrying a wand of light (9).
Natasha hisses angrily.
Natasha zaps a wand.
The bolt of light hits you.
Natasha extends her claws.
Natasha casts a spell.
Natasha stares at you and mumbles some strange words.
You feel yourself slow down.
The crimson imp blinks!
Natasha claws you but does no damage.
You barely miss Natasha.
Natasha zaps a wand.
The bolt of light hits you!
You are confused.
The crimson imp blinks!
Natasha claws you.
You are too injured to fight recklessly!
You are too injured to fight recklessly!
You are too injured to fight recklessly!
You are too injured to fight recklessly!
You are too injured to fight recklessly!
You are too injured to fight recklessly!
You are too injured to fight recklessly!
You are too injured to fight recklessly!
You are too injured to fight recklessly!
You are too injured to fight recklessly!
You are too injured to fight recklessly!
You are too injured to fight recklessly!
You are too injured to fight recklessly!
You are too injured to fight recklessly!
You are too injured to fight recklessly!
You are too injured to fight recklessly!
You are too injured to fight recklessly!
You are too injured to fight recklessly!
You miss Natasha.
Natasha zaps a wand.
The bolt of light hits you!
Ouch! That really hurt!
You die...

.###.........###
...............#### ##
.......§..........###### .#
...###................. .#####
###.......###.........
###..#######.........# ###.......
##.#..##.####.5.#### ###.....
#.##.##.####..h# ######
###.......)....@.#
##.####..#####.#.## #####
..#.###.>##......# #.. ...# #
.###........##..######.####.#####
#.#.#..................#.......##
##.##.#######'#######.......##.##
####.# #.# #..# #..).... #.#
#####)##### #..# #..##.## #.#
#...'.'...# #.(###.###.##


You could see Natasha and a crimson imp (summoned).

Vanquished Creatures
  Jessica (D:2)
  Natasha (D:2)
  Robin (D:2)
  An adder (D:2)
  A ball python (D:2)
  2 endoplasms (D:1)
  A giant cockroach (D:1)
  8 goblins
  5 hobgoblins
  2 quokkas
  2 bats
  A rat (D:2)
26 creatures vanquished.

Notes
Turn   | Place    | Note
-------+----------+-------------------------------------------
     0 | D:1      | Dittersdorf the Gargoyle Fighter began the quest for the
                  | Orb.
     0 | D:1      | Reached XP level 1. HP: 14/14 MP: 1/1
   633 | D:1      | Reached XP level 2. HP: 19/19 MP: 2/2
  1375 | D:2      | Found Lugevet's General Store.
  1410 | D:2      | Reached XP level 3. HP: 23/23 MP: 3/3
  1410 | D:2      | Noticed Robin
  1580 | D:2      | Killed Robin
  1673 | D:2      | Noticed Jessica
  1679 | D:2      | Killed Jessica
  1680 | D:2      | Reached XP level 4. HP: 29/29 MP: 4/4
  1724 | D:2      | Found a faded altar of an unknown god.
  1745 | D:2      | Noticed Natasha
  1759 | D:2      | Killed Natasha
  1895 | D:2      | Noticed Natasha
  1901 | D:2      | Killed from afar by Natasha

Illustrated notes

Levels and vault maps discovered:
D:1:      lightli_molten_gateway, layout_basic, minmay_crystal_room
D:2:      layout_loops_cross, hellmonk_ecumenical_altar_zigzags, serial_shops,
          nicolae_shop_behind_doors, minmay_door_square, minmay_tromino_i2,
          uniq_jessica, uniq_natasha, uniq_robin

Skill      XL: |  1  2  3  4 |
---------------+-------------+-----
Shields        | 4 |  4.1
Fighting       | 4 |  4.0
Armour         | 4 |  4.0
Maces & Flails | |  2.8

Action                   |  1- 3 |  4- 6 || total
-------------------------+-------+-------++-------
Melee: Flail             |    92 |    13 ||   105
Armor: Scale mail        |    68 |     7 ||    75
Dodge: Dodged            |    43 |     2 ||    45
Block: Buckler           |    21 |     1 ||    22

Table legend: (Time is in decaauts)
 A = Elapsed time spent in this place.
 B = Non-inter-level travel time spent in this place.
 C = Inter-level travel time spent in this place.
 D = Time resting spent in this place.
 E = Time spent auto-exploring this place.
 F = Levels seen in this place.
 G = Mean time per level.
                   A        B        C        D        E       F      G
               +--------+--------+--------+--------+--------+-----+--------+
         Total |   1947 |   1885 |     62 |    164 |   1423 |   2 |  973.5 |
       Dungeon |   1947 |   1885 |     62 |    164 |   1423 |   2 |  973.5 |
               +--------+--------+--------+--------+--------+-----+--------+

Top non-repeatable levels by time:
     D:1: 1295 daAuts
     D:2: 652 daAuts
